[Event "GER-chW 2019"]
[Site "Magdeburg"]
[Date "2019.05.30"]
[Round "6.6"]
[White "Burchardt, Brigitte"]
[Black "Lowke, Kathrin"]
[Result "1-0"]
[ECO "B26"]
[WhiteElo "2094"]
[BlackElo "1887"]
[Annotator "NA"]
[PlyCount "83"]
[EventDate "2019.05.26"]
[EventType "tourn"]
[EventCountry "GER"]
[SourceTitle "playchess.com"]
[Source "ChessBase"]
[SourceQuality "1"]
[TimeControl "40/5400+30:1800+30"]

1. e4 c5 2. Nc3 Nc6 3. g3 g6 4. Bg2 Bg7 5. d3 d6 6. Be3 e6 7. Qd2 Rb8 8. Nge2 Nd4 9. Nd1 b5 10. c3 {[%emt 0:02:42] B26: Closed Sicilian: 3 g3, lines with early Be3} (10. Nc1 e5 11. c3 Bh3 12. O-O Bxg2 13. Kxg2 Ne6 14. f4 exf4 15. gxf4 f5 16. exf5 gxf5 17. Qe2 Qf6 {0-1 (61) Belouadah,S (2411)-Oussedik,M (2319) El Harrach 2019}) 10... Nxe2 11. Qxe2 Qa5 12. O-O b4 13. c4 Ne7 14. f4 $146 ({Predecessor:} 14. Bf4 e5 15. Bd2 Nc6 16. Ne3 Nd4 {½-½ (16) Suster,O (2131)-Feinig,M (1953) Latschach 2005}) 14... O-O 15. Kh1 Bb7 16. Qf2 Nc6 17. Qd2 Nd4 18. Nf2 Qc7 19. Rab1 a5 20. b3 Ra8 21. Nh3 a4 22. Ng5 axb3 23. axb3 Ra3 24. Qd1 Ra2 25. Rf2 Rfa8 26. Nf3 Nxf3 27. Qxf3 Bc3 28. g4 Ra1 29. Rff1 Rxb1 30. Rxb1 Ra2 31. f5 $17 exf5 32. gxf5 Qe7 33. Qg4 Qe5 34. Bf4 Qd4 35. Qg3 Rxg2 36. Kxg2 Bxe4+ 37. dxe4 Qxe4+ 38. Qf3 Qxb1 39. Bxd6 Qa2+ 40. Kh3 Qa7 41. Qc6 Bd4 42. f6 1-0

[Event "GER-chW 2019"]
[Site "Magdeburg"]
[Date "2019.05.30"]
[Round "6.7"]
[White "Just, Anita"]
[Black "Kopylov, Luba"]
[Result "1/2-1/2"]
[ECO "B00"]
[WhiteElo "1866"]
[BlackElo "2078"]
[Annotator "NA"]
[PlyCount "114"]
[EventDate "2019.05.26"]
[EventType "tourn"]
[EventCountry "GER"]
[SourceTitle "playchess.com"]
[Source "ChessBase"]
[SourceQuality "1"]
[TimeControl "40/5400+30:1800+30"]

1. e4 b6 2. d4 Bb7 3. Bd3 Nf6 4. Qe2 e6 5. Nf3 c5 6. c3 cxd4 7. cxd4 Qc8 {[%emt 0:08:45] B00: Queen's Fianchetto Defence, Nimzowitsch Defence} (7... Nc6 8. a3 h6 9. Nc3 g5 10. Be3 Bg7 11. e5 Nd5 12. Nxd5 exd5 13. h4 g4 14. Nd2 h5 15. Bg5 Qb8 16. Qe3 {1-0 (48) Bocharov,D (2533)-Predke,A (2622) Khanty-Mansiysk 2018}) 8. O-O Ba6 9. Nc3 Bb4 10. Bd2 (10. Nb5 $18) 10... Bxc3 11. Bxc3 ({White should try} 11. bxc3 $16 Bxd3 12. Qxd3) 11... d5 $146 ({Predecessor:} 11... Bxd3 12. Qxd3 Na6 13. Rac1 Qb7 14. Rfe1 O-O 15. Ng5 {0-1 (50) Mueller,W (1994)-Wunder,H Wildflecken 1993}) 12. e5 Ne4 13. Rfc1 Bxd3 14. Qxd3 Qa6 15. Qd1 Nc6 16. Bd2 Nxd2 17. Qxd2 Na5 18. Qb4 Nc4 $2 (18... Qb7 $16) 19. b3 Qa5 20. Qxa5 Nxa5 21. Rc7 h6 22. Rac1 O-O 23. Kf1 Rfb8 24. Ke2 b5 25. Kd2 Rb7 26. Ne1 Rab8 27. Rc8+ Rxc8 28. Rxc8+ Kh7 29. Nd3 Kg6 30. Nc5 Rb6 31. Rc7 a6 32. Nd7 Rb7 33. Rxb7 Nxb7 34. Nc5 Na5 35. Nxa6 Nc6 36. Ke3 b4 37. h3 f6 38. f4 h5 39. Nc7 fxe5 40. fxe5 Kf5 41. g4+ $1 hxg4 42. hxg4+ Kxg4 43. Nxe6 g5 44. Nc7 Ne7 45. Na6 Nf5+ 46. Kf2 Nxd4 47. Nxb4 Kf4 48. Nxd5+ Kxe5 49. Nc3 Nc2 50. Kg3 Kd4 51. Nb1 Ne3 52. a4 Kc5 53. Kf3 Nf5 54. Nd2 Kb4 55. Kg4 Nd4 $11 56. Kxg5 Nxb3 57. Nxb3 Kxa4 1/2-1/2

[Event "GER-chW 2019"]
[Site "Magdeburg"]
[Date "2019.05.30"]
[Round "6.8"]
[White "Braun, Kristin"]
[Black "Ries, Jutta"]
[Result "1/2-1/2"]
[ECO "A05"]
[WhiteElo "1895"]
[BlackElo "2017"]
[Annotator "NA"]
[PlyCount "117"]
[EventDate "2019.05.26"]
[EventType "tourn"]
[EventCountry "GER"]
[SourceTitle "playchess.com"]
[Source "ChessBase"]
[SourceQuality "1"]
[TimeControl "40/5400+30:1800+30"]

1. Nf3 Nf6 2. d3 d5 3. g3 Nbd7 4. Bg2 e5 5. O-O Bd6 6. Nc3 {[%emt 0:07:13] A07: Réti Opening: New York and Capablanca Systems} (6. Nbd2 O-O 7. e4 c6 8. Re1 Re8 9. a4 a5 10. h3 Bc7 11. b3 Nf8 12. Bb2 Ng6 13. Nf1 h6 14. N3h2 d4 15. Bc1 b5 16. h4 Bd7 17. h5 {0-1 (40) Maghsoodloo,P (2688)-Vallejo Pons,F (2695) St Petersburg 2018}) 6... c6 7. e4 dxe4 8. dxe4 Nf8 $146 ({Predecessor:} 8... Nc5 9. Nh4 Bg4 10. Bf3 Bh3 11. Re1 Qd7 12. Bg5 O-O-O 13. Bxf6 gxf6 {0-1 (31) Danielsen,H (2494)-Pedersen,N (2453) Ballerup 2010}) 9. Qd3 Be6 10. Rd1 Bc7 11. Qxd8+ Rxd8 12. Rxd8+ Kxd8 13. Ng5 h6 14. Nxe6+ Nxe6 15. Be3 Bb6 16. Bxb6+ axb6 17. Rd1+ Kc7 18. Ne2 Ra8 19. a3 b5 20. c3 Nc5 21. f3 Na4 22. Rd2 Ne8 23. Bh3 Nd6 24. Kf2 Nc5 25. Nc1 $17 Rd8 26. Ke2 Nc4 27. Rxd8 Kxd8 28. b3 Nxa3 29. Kd2 Ke7 30. Bf1 Kd6 31. Be2 Na6 32. Na2 c5 33. Kc1 Nc7 34. Kb2 b4 35. cxb4 cxb4 36. Nxb4 Nab5 37. Nc2 Na7 38. Ne3 Ne8 39. Bc4 Ke7 40. Nd5+ Kf8 41. Nb6 Ke7 42. Bd5 Nc6 43. Nc8+ Kd8 44. Bxf7 Nf6 45. Nb6 Nd4 46. Nd5 Nxf3 47. Nxf6 gxf6 48. Bh5 Nxh2 49. Be2 h5 50. Bxh5 Nf1 51. g4 Kc7 52. Kc3 Ne3 53. b4 Kb6 54. Kb3 Ng2 55. Bg6 Nf4 56. Bf5 Ne2 57. Kc4 Kc6 58. b5+ Kd6 59. Bg6 1/2-1/2

[Event "GER-chW 2019"]
[Site "Magdeburg"]
[Date "2019.05.30"]
[Round "6.9"]
[White "Ley, Sabrina"]
[Black "Zimmer, Elke"]
[Result "0-1"]
[ECO "B01"]
[WhiteElo "1870"]
[BlackElo "1926"]
[Annotator "NA"]
[PlyCount "128"]
[EventDate "2019.05.26"]
[EventType "tourn"]
[EventCountry "GER"]
[SourceTitle "playchess.com"]
[Source "ChessBase"]
[SourceQuality "1"]
[TimeControl "40/5400+30:1800+30"]

1. e4 d5 2. exd5 Qxd5 3. Nc3 Qa5 4. d4 c6 5. Bc4 Nf6 6. Nge2 Bg4 7. h3 {[%emt 0:05:17] B01: Scandinavian Defence} ({White should play} 7. Bd2 $16) (7. f3 Bd7 8. Bd2 Qd8 9. Bg5 h6 10. Bh4 Bf5 11. O-O g5 12. Bf2 e6 13. Ng3 Bg6 14. Bd3 Bxd3 15. Qxd3 {1-0 (27) Sevian,S (2531)-Kritz,L (2583) Richardson 2015}) 7... Bh5 8. O-O e6 9. Bf4 Nbd7 10. a3 Be7 $146 ({Predecessor:} 10... g5 11. Bh2 b5 12. b4 Qb6 13. Bb3 Be7 {0-1 (53) Gasik,A (2148)-Michalska,M (2076) Chojnice 2005}) 11. Qd2 O-O 12. b4 (12. Nd5 $14 Qd8 13. Bc7 (13. Nxe7+ Qxe7 14. f3 Bg6 $14)) 12... Qd8 13. Bb3 a6 14. Bh2 Nd5 15. Ne4 N7f6 16. N4g3 Bd6 17. c4 Bxe2 18. Qxe2 Nf4 19. Qf3 Ng6 20. Rfd1 Qc7 21. Rac1 Nh4 22. Qe2 Nf5 23. Nf1 Bxh2+ 24. Nxh2 Qf4 25. Qf3 Nxd4 26. Qxf4 Ne2+ 27. Kf1 Nxf4 28. Rd4 Ng6 29. Rcd1 Rfe8 $15 30. Rd6 Kf8 31. Nf3 Ke7 32. R6d4 Red8 33. Rxd8 Rxd8 34. Rb1 Nf4 35. h4 h6 36. g3 Ng6 37. Bc2 Nf8 38. Ne5 N8d7 39. Nd3 Nb6 40. c5 Nc4 41. Ra1 Ng4 42. Ke2 Nge5 43. Ra2 Nxd3 44. Bxd3 Ne5 45. Bc2 g5 46. hxg5 hxg5 47. Ra1 Rh8 48. Be4 f5 49. Bg2 Rh2 50. Kf1 Rh8 51. Ke2 g4 52. Rc1 Rh2 53. Rg1 Nc4 54. a4 Ne5 55. Ke3 Rxg2 56. Rxg2 Nf3 57. Ke2 e5 58. Ke3 Ke6 59. Ke2 Kd5 60. Kd1 Kc4 61. b5 Kxc5 62. bxc6 bxc6 63. Kc1 a5 64. Kb2 Kb4 0-1

[Event "GER-chW 2019"]
[Site "Magdeburg"]
[Date "2019.05.30"]
[Round "6.10"]
[White "Freter, Anke"]
[Black "Bashylina, Luisa"]
[Result "0-1"]
[ECO "B28"]
[WhiteElo "1873"]
[BlackElo "1812"]
[Annotator "NA"]
[PlyCount "54"]
[EventDate "2019.05.26"]
[EventType "tourn"]
[EventCountry "GER"]
[SourceTitle "playchess.com"]
[Source "ChessBase"]
[SourceQuality "1"]
[TimeControl "40/5400+30:1800+30"]

1. e4 c5 2. Nf3 a6 3. d4 cxd4 4. Nxd4 Nf6 5. Nc3 e5 6. Nf5 d5 7. Ng3 {[%emt 0:01:27] [#]} Bb4 {[%emt 0:02:40] B28: Sicilian: 2 Nf3 a6 (O'Kelly Variation)} ({Black should play} 7... d4 $1 $17 8. Nb1 Be6) 8. Bd2 (8. exd5 $11 Nxd5 9. Bd2 Bxc3 10. bxc3) 8... d4 9. Nb1 Qb6 10. Bxb4 $146 ({Predecessor:} 10. Bd3 Bxd2+ 11. Nxd2 Qxb2 12. Rb1 Qc3 13. O-O Qc7 14. f4 Nc6 15. Nh5 Nxh5 16. Qxh5 exf4 {0-1 (32) Ljubic,J (2221)-Schweda,R (2416) Austria 2006}) 10... Qxb4+ {[%emt 0:00:22] Double Attack} 11. Nd2 Qxb2 12. Bc4 b5 13. Bb3 Qc3 14. O-O O-O 15. Ne2 Qc6 16. f3 Be6 17. Bxe6 Qxe6 18. f4 (18. c3 $17) 18... Ng4 19. Rf3 Ne3 20. Qb1 {[%emt 0:00:44] [#]} Qg4 $19 21. Rf2 Qh5 22. fxe5 Ng4 23. Rf4 Qxh2+ 24. Kf1 Ne3+ 25. Kf2 Qxg2+ 26. Ke1 Qh1+ 27. Kf2 Qh2+ 0-1

[Event "GER-chW 2019"]
[Site "Magdeburg"]
[Date "2019.05.30"]
[Round "7.1"]
[White "Schulze, Lara"]
[Black "Koehler, Inken"]
[Result "0-1"]
[ECO "C10"]
[WhiteElo "2160"]
[BlackElo "1979"]
[Annotator "ChessBase"]
[PlyCount "132"]
[EventDate "2019.05.26"]
[EventType "tourn"]
[EventCountry "GER"]
[SourceTitle "playchess.com"]
[Source "ChessBase"]
[SourceQuality "1"]
[TimeControl "40/5400+30:1800+30"]

1. e4 e6 2. d4 d5 3. Nd2 dxe4 4. Nxe4 Bd7 5. Nf3 Bc6 6. Bd3 Nd7 7. O-O Ngf6 8. Ng3 Be7 9. Re1 O-O 10. Qe2 Bxf3 11. Qxf3 c6 12. c4 Re8 13. Bd2 Bf8 14. Bc3 Qc7 15. Qe2 Rad8 16. Bc2 g6 17. b4 Bg7 18. Bb3 b5 19. c5 Nb8 20. a3 Nd5 21. Bb2 a5 22. bxa5 Qxa5 23. Ne4 Qc7 24. a4 b4 25. Nd6 Rxd6 26. cxd6 Qxd6 27. a5 Nd7 28. a6 Ra8 29. a7 Nc7 30. Qc4 Nb5 31. Ra6 Nxd4 32. Bxd4 Qxd4 33. Rd1 Qxc4 34. Bxc4 Ne5 35. Bb3 Bf8 36. Rc1 Nd3 37. Rcxc6 Nc5 38. Ba4 Nxa6 39. Rxa6 Bc5 40. Kf1 Rxa7 41. Rxa7 Bxa7 42. f3 Bd4 43. Ke2 Bc3 44. Kd3 f5 45. Bb3 Kf7 46. g4 Kf6 47. gxf5 exf5 48. Ke3 Kg5 49. Bg8 h6 50. Bf7 Be5 51. h3 Bg3 52. Ke2 Kf6 53. Bb3 Ke5 54. Ke3 Bf4+ 55. Kd3 Bc1 56. Bf7 g5 57. Bb3 Kf4 58. Ke2 Kg3 59. Be6 Kxh3 60. Bxf5+ Kg3 61. Bg4 b3 62. Kd3 b2 63. Kc2 Kh4 64. Bf5 h5 65. Bg6 g4 66. fxg4 hxg4 0-1

[Event "GER-chW 2019"]
[Site "Magdeburg"]
[Date "2019.05.30"]
[Round "7.2"]
[White "Kunze, Kerstin"]
[Black "Michna, Marta"]
[Result "0-1"]
[ECO "A45"]
[WhiteElo "2066"]
[BlackElo "2355"]
[Annotator "ChessBase"]
[PlyCount "130"]
[EventDate "2019.05.26"]
[EventType "tourn"]
[EventCountry "GER"]
[SourceTitle "playchess.com"]
[Source "ChessBase"]
[SourceQuality "1"]
[TimeControl "40/5400+30:1800+30"]

1. d4 Nf6 2. g3 d6 3. Bg2 Nbd7 4. e4 e5 5. Ne2 Be7 6. O-O c6 7. Kh1 O-O 8. c3 Re8 9. Qc2 Bf8 10. b3 b6 11. Nd2 Bb7 12. dxe5 dxe5 13. f3 Nc5 14. Nc4 Qd3 15. Qxd3 Nxd3 16. Bg5 Bc5 17. Be3 Ba6 18. Bxc5 Nxc5 19. Rad1 Rad8 20. Nc1 Bxc4 21. bxc4 Na4 22. Nd3 Nxc3 23. Rd2 Rd4 24. Rc1 Na4 25. Bf1 Red8 26. Kg1 Nc5 27. Rc3 h5 28. Be2 h4 29. Kg2 hxg3 30. hxg3 g6 31. Ra3 Kg7 32. Kf1 a5 33. Ke1 Nh5 34. Kf2 g5 35. Rd1 g4 36. Nxc5 Rxd1 37. Bxd1 Rxd1 38. fxg4 Nf6 39. g5 Ng4+ 40. Kf3 Nh2+ 41. Ke2 Rd4 42. Na4 b5 43. cxb5 cxb5 44. Nc5 Rc4 45. Nb7 a4 46. Nd6 Rb4 47. Rd3 Kg6 48. Rd5 Rb2+ 49. Rd2 Rb1 50. Rd1 Rxd1 51. Kxd1 b4 52. Nc4 Nf3 53. Kc1 Kxg5 54. Nb2 Kg4 55. Nxa4 Kxg3 56. Kc2 Kf4 57. Kd3 f5 58. exf5 e4+ 59. Ke2 Nd4+ 60. Kf1 Kf3 61. Nc5 e3 62. Nd3 e2+ 63. Kg1 Ke3 64. Ne1 Nf3+ 65. Kh1 Nxe1 0-1

[Event "GER-chW 2019"]
[Site "Magdeburg"]
[Date "2019.05.30"]
[Round "7.3"]
[White "Erofeev, Anastasia"]
[Black "Burchardt, Brigitte"]
[Result "1/2-1/2"]
[ECO "D35"]
[WhiteElo "2003"]
[BlackElo "2094"]
[Annotator "NA"]
[PlyCount "26"]
[EventDate "2019.05.26"]
[EventType "tourn"]
[EventCountry "GER"]
[SourceTitle "playchess.com"]
[Source "ChessBase"]
[SourceQuality "1"]
[TimeControl "40/5400+30:1800+30"]

1. d4 d5 2. c4 e6 3. Nc3 Nf6 4. cxd5 exd5 5. Bg5 Be7 6. e3 c6 7. Qc2 h6 8. Bh4 O-O 9. Bd3 Re8 10. Nge2 Nbd7 11. O-O Ne4 12. Bxe7 Qxe7 13. Nd1 Ndf6 1/2-1/2

[Event "GER-chW 2019"]
[Site "Magdeburg"]
[Date "2019.05.30"]
[Round "7.4"]
[White "Von Herman, Brigitte"]
[Black "Mehling, Katharina"]
[Result "1/2-1/2"]
[ECO "C06"]
[WhiteElo "2064"]
[BlackElo "1974"]
[Annotator "NA"]
[PlyCount "31"]
[EventDate "2019.05.26"]
[EventType "tourn"]
[EventCountry "GER"]
[SourceTitle "playchess.com"]
[Source "ChessBase"]
[SourceQuality "1"]
[TimeControl "40/5400+30:1800+30"]

1. e4 e6 2. d4 d5 3. Nd2 Nf6 4. e5 Nfd7 5. Bd3 c5 6. c3 Nc6 7. Ne2 cxd4 8. cxd4 f6 9. exf6 Nxf6 10. O-O Bd6 11. f4 Qb6 12. Nf3 O-O 13. Kh1 Bd7 14. a3 Na5 15. Nc3 Rac8 16. Ne5 1/2-1/2

[Event "GER-chW 2019"]
[Site "Magdeburg"]
[Date "2019.05.30"]
[Round "7.5"]
[White "Liu, Sijia Anna"]
[Black "Schmidt, Jade"]
[Result "0-1"]
[ECO "B56"]
[WhiteElo "1689"]
[BlackElo "2062"]
[Annotator "NA"]
[PlyCount "78"]
[EventDate "2019.05.26"]
[EventType "tourn"]
[EventCountry "GER"]
[SourceTitle "playchess.com"]
[Source "ChessBase"]
[SourceQuality "1"]
[TimeControl "40/5400+30:1800+30"]

1. e4 c5 2. Nf3 d6 3. d4 cxd4 4. Nxd4 Nf6 5. Nc3 Nc6 6. g3 Bg4 7. f3 Nxd4 8. Qxd4 Bxf3 9. Bb5+ Nd7 10. Rf1 Bg4 11. Qd5 Be6 12. Qxb7 Qc8 13. Bc6 Qxb7 14. Bxb7 Rb8 15. Bc6 g6 16. Nd5 Rc8 17. Ba4 Rc4 18. Nc3 Bg7 19. Bxd7+ Bxd7 20. Bd2 Bc6 21. O-O-O Bxe4 22. Rf4 f5 23. Nxe4 Rxe4 24. Rxe4 fxe4 25. Be3 a6 26. c4 Kd7 27. Bf4 Rc8 28. b3 Rc5 29. Be3 Rf5 30. Kc2 e6 31. Rd2 Kc6 32. b4 d5 33. g4 Rf3 34. cxd5+ exd5 35. Bc5 Rc3+ 36. Kd1 e3 37. Re2 d4 38. h3 Kd5 39. Rg2 Ke4 0-1

[Event "GER-chW 2019"]
[Site "Magdeburg"]
[Date "2019.05.30"]
[Round "7.6"]
[White "Zimmer, Elke"]
[Black "Just, Anita"]
[Result "1-0"]
[ECO "C02"]
[WhiteElo "1926"]
[BlackElo "1866"]
[Annotator "NA"]
[PlyCount "123"]
[EventDate "2019.05.26"]
[EventType "tourn"]
[EventCountry "GER"]
[SourceTitle "playchess.com"]
[Source "ChessBase"]
[SourceQuality "1"]
[TimeControl "40/5400+30:1800+30"]

1. e4 e6 2. d4 d5 3. e5 c5 4. c3 Nc6 5. Nf3 Qb6 6. Be2 cxd4 7. cxd4 Bd7 8. Nc3 Rc8 9. O-O Nge7 10. Na4 Qc7 11. b3 b5 12. Bxb5 Nxe5 13. Ba6 Nxf3+ 14. Qxf3 Ng6 15. Bxc8 Bxc8 16. Be3 Bd6 17. Rfc1 Qd8 18. g3 O-O 19. h4 e5 20. Bg5 Qd7 21. Qxd5 exd4 22. Nc5 Bxc5 23. Rxc5 Qh3 24. Qg2 Qg4 25. f3 Qe6 26. Qf2 h6 27. Bd2 Qh3 28. Re1 Bb7 29. Qg2 Qd7 30. Bb4 d3 31. h5 Qd4+ 32. Qf2 Qxb4 33. hxg6 Bxf3 34. Rc4 Qb6 35. Qxb6 axb6 36. Rd4 Be2 37. gxf7+ Rxf7 38. Rc1 Rf3 39. Kg2 Rf7 40. Rc8+ Kh7 41. a4 Bf1+ 42. Kg1 Be2 43. Rc6 Rb7 44. Kf2 Rf7+ 45. Ke3 b5 46. a5 Re7+ 47. Kd2 Bf1 48. Rxd3 Re2+ 49. Kc3 Ra2 50. Rd1 Bg2 51. Ra6 Be4 52. Rd4 Bf3 53. Ra7 Rg2 54. Rd3 Be2 55. Re3 Bf1 56. Ra8 h5 57. a6 Ra2 58. Kb4 Kg6 59. Re5 Rb2 60. Rf8 Ra2 61. Rxf1 Rxa6 62. Rxb5 1-0

[Event "GER-chW 2019"]
[Site "Magdeburg"]
[Date "2019.05.30"]
[Round "7.7"]
[White "Perez Celis, Alba"]
[Black "Braun, Kristin"]
[Result "1/2-1/2"]
[ECO "B20"]
[WhiteElo "1822"]
[BlackElo "1895"]
[Annotator "NA"]
[PlyCount "99"]
[EventDate "2019.05.26"]
[EventType "tourn"]
[EventCountry "GER"]
[SourceTitle "playchess.com"]
[Source "ChessBase"]
[SourceQuality "1"]
[TimeControl "40/5400+30:1800+30"]

1. e4 c5 2. Ne2 Nc6 3. g3 g6 4. Bg2 Bg7 5. Nbc3 e6 6. O-O Nge7 7. d3 O-O 8. f4 d5 9. e5 a6 10. a4 Rb8 11. Qe1 Nb4 12. Qd2 b5 13. axb5 axb5 14. Nd1 Qb6 15. c3 Nbc6 16. Ne3 Na5 17. Qc2 c4 18. Nd4 Nec6 19. Nxc6 Nxc6 20. Kh1 Na5 21. Ng4 Qc7 22. Be3 Nb3 23. Ra7 Rb7 24. Rxb7 Bxb7 25. d4 Ra8 26. Nf6+ Bxf6 27. exf6 Qd8 28. f5 Qxf6 29. fxg6 Qxg6 30. Qf2 Ra1 31. Rxa1 Nxa1 32. Qf4 Bc6 33. Qb8+ Kg7 34. h3 Nc2 35. Bf4 Ne1 36. Be5+ f6 37. Qc7+ Qf7 38. Bxf6+ Kxf6 39. Qe5+ Kg6 40. Qxe1 Bd7 41. Qe2 Qf5 42. Kh2 Kf6 43. Bf3 Ke7 44. Bg4 Qf6 45. h4 h6 46. Kh3 Qg6 47. Qe5 Qf6 48. Qc7 Qf1+ 49. Kh2 Qf2+ 50. Kh3 1/2-1/2

[Event "GER-chW 2019"]
[Site "Magdeburg"]
[Date "2019.05.30"]
[Round "7.8"]
[White "Bashylina, Luisa"]
[Black "Kopylov, Luba"]
[Result "1-0"]
[ECO "B53"]
[WhiteElo "1812"]
[BlackElo "2078"]
[Annotator "NA"]
[PlyCount "79"]
[EventDate "2019.05.26"]
[EventType "tourn"]
[EventCountry "GER"]
[SourceTitle "playchess.com"]
[Source "ChessBase"]
[SourceQuality "1"]
[TimeControl "40/5400+30:1800+30"]

1. e4 c5 2. Nf3 d6 3. d4 cxd4 4. Qxd4 Nc6 5. Bb5 Qa5+ 6. Nc3 Qxb5 7. Nxb5 Nxd4 8. Nfxd4 Kd7 9. Be3 Nf6 10. f3 a6 11. Nc3 b6 12. O-O-O Kc7 13. Rhe1 Bb7 14. Nb3 Nd7 15. Bd4 Bc6 16. Kb1 Rg8 17. Nc1 g5 18. Nd3 g4 19. f4 g3 20. h3 Bh6 21. Nd5+ Bxd5 22. exd5 Rae8 23. Re2 Bg7 24. Bxg7 Rxg7 25. Rde1 f5 26. Nb4 Nb8 27. c4 a5 28. Nc2 Kd7 29. Nd4 Rf7 30. Re3 Rg8 31. Ne6 h6 32. Rb3 Na6 33. Rxb6 Nb4 34. Re3 Rf6 35. Rb7+ Ke8 36. Rb8+ Kf7 37. Rxg8 Kxg8 38. Rxg3+ Kf7 39. Rg7+ Ke8 40. Rg8+ 1-0

[Event "GER-chW 2019"]
[Site "Magdeburg"]
[Date "2019.05.30"]
[Round "7.9"]
[White "Ries, Jutta"]
[Black "Ley, Sabrina"]
[Result "1/2-1/2"]
[ECO "A03"]
[WhiteElo "2017"]
[BlackElo "1870"]
[Annotator "NA"]
[PlyCount "48"]
[EventDate "2019.05.26"]
[EventType "tourn"]
[EventCountry "GER"]
[SourceTitle "playchess.com"]
[Source "ChessBase"]
[SourceQuality "1"]
[TimeControl "40/5400+30:1800+30"]

1. f4 d5 2. Nf3 g6 3. e3 Bg7 4. d4 Nf6 5. c4 O-O 6. Nc3 c6 7. Bd3 b6 8. O-O Bb7 9. Rb1 Nbd7 10. b4 dxc4 11. Bxc4 Nd5 12. Bxd5 cxd5 13. a4 Rc8 14. Qb3 Nf6 15. b5 Rc7 16. Ba3 Qc8 17. Rbc1 Qf5 18. Na2 Rfc8 19. Nb4 Ne4 20. Na2 Bf6 21. Rxc7 Rxc7 22. Rc1 Qc8 23. Rxc7 Qxc7 24. Bb4 h6 1/2-1/2

[Event "GER-chW 2019"]
[Site "Magdeburg"]
[Date "2019.05.30"]
[Round "7.10"]
[White "Lowke, Kathrin"]
[Black "Freter, Anke"]
[Result "0-1"]
[ECO "B33"]
[WhiteElo "1887"]
[BlackElo "1873"]
[Annotator "NA"]
[PlyCount "70"]
[EventDate "2019.05.26"]
[EventType "tourn"]
[EventCountry "GER"]
[SourceTitle "playchess.com"]
[Source "ChessBase"]
[SourceQuality "1"]
[TimeControl "40/5400+30:1800+30"]

1. e4 c5 2. Nf3 Nc6 3. d4 cxd4 4. Nxd4 Nf6 5. Nc3 e5 6. Ndb5 d6 7. Bg5 a6 8. Na3 b5 9. Nd5 Be7 10. Bxf6 Bxf6 11. c4 O-O 12. cxb5 axb5 13. Nxb5 Bg5 14. Bd3 Be6 15. Nbc3 Nd4 16. O-O f5 17. f3 f4 18. b4 Bh4 19. b5 Bg3 20. Ne2 Nxe2+ 21. Qxe2 Qh4 22. h3 Kh8 23. Nc7 Bxh3 24. gxh3 Ra3 25. Nd5 Qxh3 26. Rad1 Qd7 27. b6 Rfa8 28. Rd2 g5 29. Bb5 Qg7 30. Rc2 g4 31. Rc7 gxf3 32. Rxf3 Qg5 33. Rxa3 Rxa3 34. b7 Bh2+ 35. Kxh2 Rh3+ 0-1

[Event "GER-chW 2019"]
[Site "Magdeburg"]
[Date "2019.05.31"]
[Round "8.1"]
[White "Michna, Marta"]
[Black "Erofeev, Anastasia"]
[Result "1-0"]
[ECO "D00"]
[WhiteElo "2355"]
[BlackElo "2003"]
[Annotator "ChessBase"]
[PlyCount "79"]
[EventDate "2019.05.26"]
[EventType "tourn"]
[EventCountry "GER"]
[SourceTitle "playchess.com"]
[Source "ChessBase"]
[SourceQuality "1"]
[TimeControl "40/5400+30:1800+30"]

1. d4 d5 2. Bf4 Nf6 3. e3 e6 4. Nd2 c5 5. c3 Nc6 6. Ngf3 Bd6 7. Bg3 O-O 8. Bd3 b6 9. Ne5 Bb7 10. f4 Ne7 11. Qf3 c4 12. Bc2 Nf5 13. Bf2 Be7 14. Nexc4 Qc7 15. Ne5 Nd6 16. Bh4 Nfe4 17. Bxe7 Qxe7 18. Qh3 f6 19. Nef3 Rad8 20. O-O Bc8 21. Nxe4 Nxe4 22. Bxe4 dxe4 23. Nd2 f5 24. Rf2 Ba6 25. Kh1 Bd3 26. g4 b5 27. Rg1 Rf7 28. Rfg2 Kh8 29. Nb3 Bc4 30. Nc5 a5 31. b3 Bd5 32. gxf5 exf5 33. Rg5 Rf6 34. Rxf5 Be6 35. Re5 Qxc5 36. Qxe6 Qxc3 37. Qe8+ Rf8 38. Qe7 g6 39. Rh5 gxh5 40. Qg7# 1-0

[Event "GER-chW 2019"]
[Site "Magdeburg"]
[Date "2019.05.31"]
[Round "8.2"]
[White "Von Herman, Brigitte"]
[Black "Schulze, Lara"]
[Result "0-1"]
[ECO "C15"]
[WhiteElo "2064"]
[BlackElo "2160"]
[Annotator "ChessBase"]
[PlyCount "70"]
[EventDate "2019.05.26"]
[EventType "tourn"]
[EventCountry "GER"]
[SourceTitle "playchess.com"]
[Source "ChessBase"]
[SourceQuality "1"]
[TimeControl "40/5400+30:1800+30"]

1. e4 e6 2. d4 d5 3. Nc3 Bb4 4. exd5 exd5 5. Bd3 Nc6 6. a3 Bxc3+ 7. bxc3 Nge7 8. Qf3 Be6 9. Rb1 b6 10. Ne2 Qd7 11. Ng3 O-O-O 12. O-O h5 13. Bb5 h4 14. Ne2 h3 15. g3 f6 16. a4 Bg4 17. Qd3 Qf5 18. f3 Qxd3 19. cxd3 Bd7 20. Ba3 Nf5 21. Nf4 Ne3 22. Rf2 Kb7 23. Re2 Rhe8 24. Kf2 Nf5 25. Bxc6+ Kxc6 26. Rxe8 Rxe8 27. g4 Nh4 28. Nxh3 g5 29. a5 bxa5 30. Bc5 a6 31. Ng1 f5 32. h3 f4 33. Ne2 Re3 34. Nc1 Rxf3+ 35. Ke2 Rxh3 0-1

[Event "GER-chW 2019"]
[Site "Magdeburg"]
[Date "2019.05.31"]
[Round "8.3"]
[White "Koehler, Inken"]
[Black "Mehling, Katharina"]
[Result "1/2-1/2"]
[ECO "B09"]
[WhiteElo "1979"]
[BlackElo "1974"]
[Annotator "NA"]
[PlyCount "100"]
[EventDate "2019.05.26"]
[EventType "tourn"]
[EventCountry "GER"]
[SourceTitle "playchess.com"]
[Source "ChessBase"]
[SourceQuality "1"]
[TimeControl "40/5400+30:1800+30"]

1. e4 d6 2. d4 Nf6 3. Nc3 g6 4. f4 Bg7 5. Nf3 O-O 6. Be3 c6 7. Bd3 b5 8. Qd2 Qa5 9. h3 Bb7 10. e5 Nfd7 11. Ne4 Qc7 12. Nfg5 Nb6 13. Qf2 h6 14. Nf3 Nc4 15. c3 c5 16. g4 Nxe3 17. Qxe3 cxd4 18. cxd4 dxe5 19. fxe5 Nc6 20. O-O Nb4 21. Rac1 Qb6 22. Nc5 Bc6 23. a3 Nxd3 24. Qxd3 Rad8 25. Rfd1 Bd5 26. Qe3 a5 27. b4 axb4 28. axb4 Rfe8 29. Ra1 Ra8 30. Ne1 Qc6 31. Ned3 Rxa1 32. Rxa1 Ra8 33. Ra5 Rxa5 34. bxa5 Qc7 35. Qe1 Ba8 36. Nf4 Qc6 37. Qg3 Qh1+ 38. Kf2 Qa1 39. Nb3 Qa2+ 40. Ke1 Be4 41. Qc3 e6 42. Nd2 Bf8 43. Nxe4 Qb1+ 44. Kf2 Qxe4 45. Ne2 b4 46. Qf3 Qc2 47. Qb7 b3 48. a6 b2 49. a7 b1=Q 50. Qxb1 Qxb1 1/2-1/2

[Event "GER-chW 2019"]
[Site "Magdeburg"]
[Date "2019.05.31"]
[Round "8.4"]
[White "Burchardt, Brigitte"]
[Black "Kunze, Kerstin"]
[Result "1-0"]
[ECO "B20"]
[WhiteElo "2094"]
[BlackElo "2066"]
[Annotator "NA"]
[PlyCount "67"]
[EventDate "2019.05.26"]
[EventType "tourn"]
[EventCountry "GER"]
[SourceTitle "playchess.com"]
[Source "ChessBase"]
[SourceQuality "1"]
[TimeControl "40/5400+30:1800+30"]

1. e4 c5 2. b3 Nc6 3. Bb2 d6 4. Bb5 Bd7 5. f4 e6 6. Nf3 Nf6 7. Qe2 a6 8. Bxc6 Bxc6 9. d3 d5 10. Nbd2 Qc7 11. Be5 Qa5 12. O-O Be7 13. f5 dxe4 14. dxe4 O-O-O 15. Nc4 Bb5 16. fxe6 fxe6 17. Ng5 Bxc4 18. Qxc4 Nd7 19. Bc3 Qb6 20. Nf7 Nf6 21. Nxh8 Rxh8 22. Qe2 h5 23. Bxf6 Bxf6 24. e5 Bg5 25. c4 Qb4 26. Rad1 g6 27. Rf7 Qc3 28. Rf3 Qa5 29. Qf2 Bh6 30. Rf6 Rd8 31. Rxd8+ Kxd8 32. Rxg6 Qc3 33. Rg8+ Kd7 34. Qf7+ 1-0